 Dungeon Crawl Stone Soup version 0.28-a0-1510-gd0f6b136d3 (webtiles) character file.

Game seed: 6866697899250254256

133 Hasart the Insei (level 5, 0/37 HPs)
             Began as an Octopode Transmuter on Jan 14, 2022.
             Slain by an orc (4 damage)
             ... on level 4 of the Dungeon.
             The game lasted 00:05:16 (2837 turns).

Hasart the Insei (Octopode Transmuter)              Turns: 2837, Time: 00:05:16

Health: 0/37       AC:  3    Str:  9    XL:     5   Next: 16%
Magic:  7/8        EV: 13    Int: 18    God:
Gold:   107        SH:  0    Dex: 12    Spells: 3/9 levels left

rFire   . . .      SeeInvis .     - Unarmed
rCold   . . .      Faith    .   (no shield)
rNeg    . . .      Spirit   .   (helmet restricted)
rPois   +          Reflect  .   (no amulet)
rElec   .          Harm     .   (no ring)
rCorr   .          Rampage  .   (no ring)
Will    .....                   (no ring)
Stlth   ++........              (no ring)
HPRegen 0.12/turn               (no ring)
MPRegen 0.11/turn               (no ring)
                                (no ring)
                                (no ring)

@: wereblooded
A: almost no armour, amphibious, 8 rings, camouflage 1, gelatinous body 1,
(nimble swimmer 1), tentacles, iridescent scales 1, poison resistance, robust 1
a: no special abilities


You were on level 4 of the Dungeon.
You visited 1 branch of the dungeon, and saw 5 of its levels.

You collected 195 gold pieces.
You spent 88 gold pieces at shops.

Inventory:

Missiles
 f - 2 poisoned darts (quivered)
 i - 3 javelins
Scrolls
 a - a scroll of enchant armour {unknown}
 c - a scroll of immolation {unknown}
 d - 2 scrolls of blinking {unknown}
 g - a scroll of fog {unknown}
 j - a scroll of magic mapping {unknown}
 k - a scroll of holy word {unknown}
Potions
 b - 2 potions of berserk rage {unknown}
 e - a potion of invisibility {unknown}
 h - a potion of haste {unknown}
 l - a potion of lignification {unknown}
 m - a potion of might {unknown}


   Skills:
 + Level 2.0 Fighting
 + Level 1.2 Throwing
 + Level 2.6 Dodging
 * Level 3.9 Unarmed Combat
 + Level 2.5 Spellcasting
 + Level 2.5 Transmutations
 + Level 0.7 Poison Magic


You had 3 spell levels left.
You knew the following spells:

 Your Spells              Type           Power      Damage    Failure   Level
a - Beastly Appendage     Tmut           22%        N/A       6%          1
b - Wereblood             Tmut           11%        N/A       9%          2
c - Spider Form           Tmut/Pois      8%         N/A       26%         3

Your spell library contained the following spells:

 Spells                   Type           Power      Damage    Failure   Level
 Ice Form                 Ice/Tmut       6%         N/A       71%         4


Dungeon Overview and Level Annotations

Branches:
Dungeon (5/15)
 Temple: D:4-7

Altars:

Shops:
D:1 !(?

Annotations:
D:3 1 runed translucent door, Grinder; benappo's ghost, amateur DjCj


Innate Abilities, Weirdness & Mutations

You cannot wear most types of armour.
You are amphibious.
You can wear up to eight rings at the same time.
Your skin changes colour to match your surroundings (Stealth+).
Your rubbery body absorbs attacks. (AC +1, EV +1)
((You are camouflaged when in or above water. (Stealth+)))
You have tentacles for arms and can constrict up to eight enemies at once.
You are partially covered in iridescent scales. (AC +2)
Your system is resistant to poisons. (rPois)
You are robust. (+10% HP)


Message History

The orc barely misses you. The orc misses you. The orc barely misses you.
Unknown command.
You tentacle-slap the orc. Your grab misses the orc.
The orc is lightly wounded.
The orc misses you. The orc hits you but does no damage.
The orc hits you with a +0 mace.
You tentacle-slap the orc. Your grab misses the orc.
The orc is severely wounded.
The orc hits you with a +0 hand axe. The orc barely misses you.
The orc hits you with a +0 mace.
* * * LOW HITPOINT WARNING * * *
Unknown command.
You barely miss the orc. You grab the orc. You squeeze the orc.
You feel a bit better.
You kill the orc!
The orc hits you with a +0 hand axe. The orc closely misses you.
Unknown command.
You tentacle-slap the orc. Your grab misses the orc.
The orc is heavily wounded.
The orc barely misses you. x2
You tentacle-slap the orc but do no damage.
Your grab misses the orc.
The orc is heavily wounded.
You closely miss the orc. You grab the orc.
The orc is heavily wounded.
You constrict the orc, but do no damage.
The orc hits you with a +0 hand axe.
* * * LOW HITPOINT WARNING * * *
The orc hits you with a +0 hand axe.
* * * LOW HITPOINT WARNING * * *
You bludgeon the orc!
You feel a bit better.
You kill the orc!
The orc hits you with a +0 hand axe.
* * * LOW HITPOINT WARNING * * *
Unknown command.
You tentacle-slap the orc but do no damage.
You grab the orc.
Your tentacle-slap misses the orc.
You constrict the orc, but do no damage.
The orc hits you with a +0 hand axe.
You die...

#.............###........
#..........##...#......##
##########......#......#
#####..'......#
##########.'......#
#......# #.#......#
#......# ###......##
#>..)..# #........
#..@o..# ##.......
#..)...# ##.)....
#......# ##.....
#.....[## ##....
#.......# ##...
#.......############
#.........##........
####.####.....)..... #.#
###.........


You could see an orc.

Vanquished Creatures
  A hound (D:4)
  A jelly (D:5)
  A killer bee zombie (D:5)
  An adder skeleton (D:4)
  A worm (D:4)
  2 dart slugs
  5 orcs
  3 endoplasms
  A giant cockroach (D:2)
  4 hobgoblins
  A kobold (D:2)
  3 quokkas
  4 ball pythons
  4 bats
  A frilled lizard (D:1)
  4 goblins
  A rat (D:2)
38 creatures vanquished.

Notes
Turn   | Place    | Note
-------+----------+-------------------------------------------
     0 | D:1      | Hasart the Octopode Transmuter began the quest for the Orb.
     0 | D:1      | Reached XP level 1. HP: 13/13 MP: 3/3
    24 | D:1      | Found Detegg's Distillery.
   414 | D:2      | Reached XP level 2. HP: 18/18 MP: 5/5
   424 | D:2      | Learned a level 2 spell: Wereblood
  1151 | D:3      | Found a runed translucent door.
  1153 | D:3      | Noticed benappo's ghost (amateur DjCj)
  1364 | D:1      | Bought a potion of mutation for 88 gold pieces
  1364 | D:1      | Gained mutation: Your system is resistant to poisons.
                  | (rPois) [potion of mutation]
  1364 | D:1      | Gained mutation: You are robust. (+10% HP) [potion of
                  | mutation]
  1364 | D:1      | Gained mutation: You are partially covered in iridescent
                  | scales. (AC +2) [potion of mutation]
  1480 | D:1      | Found Fituf's Magic Scroll Boutique.
  1497 | D:1      | Found Ysadogec's Weapon Shoppe.
  1508 | D:1      | Reached XP level 3. HP: 20/25 MP: 6/6
  1885 | D:3      | Noticed Grinder
  2385 | D:4      | Reached XP level 4. HP: 22/31 MP: 5/7
  2390 | D:4      | Learned a level 3 spell: Spider Form
  2706 | D:5      | Entered Level 5 of the Dungeon
  2713 | D:5      | Reached skill level 1 in Throwing
  2738 | D:5      | Reached XP level 5. HP: 34/37 MP: 5/8
  2797 | D:5      | Noticed an orc warrior
  2797 | D:5      | Noticed an ogre
  2837 | D:4      | Slain by an orc

Illustrated notes

Levels and vault maps discovered:
D:1:      lightli_arrival_chessboard, layout_loops_ring, serial_shops, shop,
          nicolae_shop_hallway_stairs, shop, shop,
          dreamdust_ecumenical_altar_hidden_monk_grotto, minivault_4,
          minmay_tetromino_s2
D:2:      layout_basic, st_stairs_12
D:3:      layout_loops_ring, ebering_ghost_sewer_f, minmay_misc_feat_plants,
          minmay_circle_x, uniq_grinder
D:4:      layout_rooms, grunt_decor_clamped, kennysheep_big_empty_room
D:5:      layout_cave_pools

Skill      XL: |  1  2  3  4 |
---------------+-------------+-----
Throwing       | 1 |  1.2
Fighting       | 2 |  2.0
Dodging        | |  2.6
Unarmed Combat | |  3.9
Spellcasting   | |  2.5
Transmutations | |  2.5
Poison Magic   | |  0.7

Action                   |  1- 3 |  4- 6 || total
-------------------------+-------+-------++-------
Melee: Unarmed           |    87 |    19 ||   106
       Tentacles         |    18 |     2 ||    20
       Constrict         |    21 |     6 ||    27
       Punch             |     5 |       ||     5
       Kick              |     5 |     3 ||     8
 Cast: Beastly Appendage |     1 |     1 ||     2
       Wereblood         |       |     2 ||     2
  Use: Potion            |     1 |       ||     1
 Stab: Sleeping          |     6 |     1 ||     7
Armor: Skin              |    20 |     3 ||    23
Dodge: Dodged            |    58 |    17 ||    75

Table legend: (Time is in decaauts)
 A = Elapsed time spent in this place.
 B = Non-inter-level travel time spent in this place.
 C = Inter-level travel time spent in this place.
 D = Time resting spent in this place.
 E = Time spent auto-exploring this place.
 F = Levels seen in this place.
 G = Mean time per level.
                   A        B        C        D        E       F      G
               +--------+--------+--------+--------+--------+-----+--------+
         Total |   2835 |   2625 |    210 |      7 |   2166 |   5 |  567.0 |
       Dungeon |   2835 |   2625 |    210 |      7 |   2166 |   5 |  567.0 |
               +--------+--------+--------+--------+--------+-----+--------+

Top non-repeatable levels by time:
     D:2: 1042 daAuts
     D:4: 803 daAuts
     D:1: 572 daAuts
     D:3: 314 daAuts
     D:5: 102 daAuts
